 Dungeon Crawl Stone Soup version 0.30-a0-234-g97d66968fd (webtiles) character file.

Game seed: 10658595104590519681

48 Pixllover the Chopper (level 3, -1/33 HPs)
             Began as a Minotaur Berserker on Oct 10, 2022.
             Was a Believer of Trog.
             Succumbed to Sigmund's poison
             ... on level 2 of the Dungeon.
             The game lasted 00:04:17 (935 turns).

Pixllover the Chopper (Minotaur Berserker)           Turns: 935, Time: 00:04:18

Health: -1/33      AC:  9    Str: 23    XL:     3   Next: 50%
Magic:  2/2        EV:  8    Int:  4    God:    Trog [**....]
Gold:   39         SH:  0    Dex:  9    Spells: 2/2 levels left

rFire   . . .      SeeInvis .    a - +0 hand axe
rCold   . . .      Faith    .    (no shield)
rNeg    . . .      Spirit   .    e - +0 chain mail
rPois   .          Reflect  .    (helmet restricted)
rElec   .          Harm     .    (no cloak)
rCorr   .          Rampage  .    (no gloves)
Will    .....                    (no boots)
Stlth   ..........               (no amulet)
HPRegen 0.25/turn                (no ring)
MPRegen 0.08/turn                (no ring)

@: lethally poisoned (-1 -> -12)
A: horns 2, retaliatory headbutt
a: Renounce Religion, Berserk, Trog's Hand


You were on level 2 of the Dungeon.
You worshipped Trog.
Trog was pleased with you.
You visited 1 branch of the dungeon, and saw 2 of its levels.

You collected 39 gold pieces.

Inventory:

Hand Weapons
 a - a +0 hand axe (weapon)
Missiles
 b - 6 javelins (quivered)
Armour
 e - a +0 chain mail (worn)
Scrolls
 g - a scroll of enchant weapon
Potions
 d - a potion of cancellation
 f - a potion of mutation


   Skills:
 + Level 4.2 Fighting
 + Level 4.6 Axes
 + Level 2.7 Armour
 + Level 2.5 Dodging


You had 2 spell levels left.
You didn't know any spells.
Your spell library was empty.

Dungeon Overview and Level Annotations

Branches:
Dungeon (2/15)

Altars:

Annotations:
D:2 Sigmund


Innate Abilities, Weirdness & Mutations

You have a pair of horns on your head.
You reflexively headbutt those who attack you in melee.


Message History

Sigmund shouts!
A dart slug comes into view.
The dart slug launches a dart at you.
The slug dart hits you but does no damage.
Sigmund hits you but does no damage.
You are poisoned.
You feel sick.
You completely miss the dart slug. You headbutt the dart slug.
The dart slug is heavily wounded.
You feel sick.
Sigmund points at you and mumbles some strange words.
You are confused.
The dart slug bites you.
You hit the dart slug.
The dart slug is almost dead.
You feel sick. Sigmund gestures at you while chanting.
You resist with significant effort. The dart slug bites you.
You feel sick.
Sigmund hits you from afar with a +1 scythe of venom.
You are more poisoned.
You slash the dart slug!
You kill the dart slug!
Trog accepts your kill.
You feel very sick.
Sigmund hits you from afar with a +1 scythe of venom.
You are lethally poisoned!
You are too confused!
* * * LOW HITPOINT WARNING * * *
You feel very sick.
* * * LOW HITPOINT WARNING * * *
You feel very sick. Sigmund barely misses you.
Found 6 stones.
You feel less confused.
* * * LOW HITPOINT WARNING * * *
You feel very sick.
Sigmund points at you and mumbles some strange words.
The magic dart hits you but does no damage.
You die...

.#. .##..# ..
.....# ..
#...###### #.
#...#....
.(##.##......#
....#......###
...###....@.....#
#......@........#
#.#.##......#...#
####.#...###
#.#...# #....##
#.#..#
#.#..######
..#.......#
####.#####.#


You could see Sigmund.

Vanquished Creatures
  A worm (D:2)
  3 dart slugs
  2 bats (D:1)
  7 endoplasms (D:1)
  2 giant cockroaches (D:1)
  5 goblins
  2 hobgoblins (D:1)
  3 jackals (D:1)
  A quokka (D:1)
  2 ball pythons
  A frilled lizard (D:2)
  4 kobolds
  A rat (D:2)
34 creatures vanquished.

Notes
Turn   | Place    | Note
-------+----------+-------------------------------------------
     0 | D:1      | Pixllover the Minotaur Berserker began the quest for the
                  | Orb.
     0 | D:1      | Reached XP level 1. HP: 19/19 MP: 0/0
    62 | D:1      | Reached XP level 2. HP: 11/27 MP: 1/1
   630 | D:1      | Reached XP level 3. HP: 33/33 MP: 2/2
   652 | D:1      | Reached ** piety under Trog
   921 | D:2      | Noticed Sigmund
   935 | D:2      | Succumbed to Sigmund's poison

Illustrated notes

Levels and vault maps discovered:
D:1:      eino_arrival_tree_alley, layout_basic
D:2:      layout_loops_ring, basic_altar, uniq_sigmund

Skill      XL: |  1  2 |
---------------+-------+-----
Axes           | 4 |  4.6
Fighting       | 4 |  4.2
Armour         | |  2.7
Dodging        | |  2.5

Action                   || total
-------------------------++-------
Melee: Hand axe          ||    65
       Headbutt          ||    10
  Use: Scroll            ||     4
Armor: Animal skin       ||     4
       Chain mail        ||    15
Dodge: Dodged            ||    23

Table legend: (Time is in decaauts)
 A = Elapsed time spent in this place.
 B = Non-inter-level travel time spent in this place.
 C = Inter-level travel time spent in this place.
 D = Time resting spent in this place.
 E = Time spent auto-exploring this place.
 F = Levels seen in this place.
 G = Mean time per level.
                   A        B        C        D        E       F      G
               +--------+--------+--------+--------+--------+-----+--------+
         Total |    941 |    939 |      2 |      0 |    420 |   2 |  470.5 |
       Dungeon |    941 |    939 |      2 |      0 |    420 |   2 |  470.5 |
               +--------+--------+--------+--------+--------+-----+--------+

Top non-repeatable levels by time:
     D:1: 731 daAuts
     D:2: 209 daAuts
